 Dungeon Crawl Stone Soup version 0.30.1-5-ged363bc7ee (webtiles) character file.

Game seed: 3351109597703138366

507 H0rd4k the Cudgeller (level 7, -1/52 HPs)
             Began as a Human Artificer on Sept 19, 2023.
             Slain by an ufetubus (5 damage)
             ... summoned by Eustachio
             ... on level 4 of the Dungeon.
             The game lasted 00:04:01 (4314 turns).

H0rd4k the Cudgeller (Human Artificer)              Turns: 4314, Time: 00:04:02

Health: -1/52      AC: -4    Str: 12    XL:     7   Next: 42%
Magic:  7/7        EV: 13    Int: 25    God:
Gold:   217        SH:  0    Dex: 19    Spells: 6/6 levels left

rFire   + . .        v - +4 morningstar of Bloodstone {holy, *Corrode rElec rN+ Int+5}
rCold   + . .        (no shield)
rNeg    + . .        b - +0 leather armour
rPois   .            (no helmet)
rElec   +            k - scarf {rC+ rF+}
rCorr   .            (no gloves)
SInv    .            (no boots)
Will    .....        (no amulet)
Stlth   ++           g - +6 ring of intelligence
HPRegen 0.28/turn    y - +6 ring of dexterity
MPRegen 0.10/turn

%: corrode self (3%)
@: corroded
A: no striking features
a: no special abilities


You were on level 4 of the Dungeon.
You visited 1 branch of the dungeon, and saw 4 of its levels.

You collected 217 gold pieces.

Inventory:

Hand Weapons
 a - a +0 club
 v - the +4 morningstar of Bloodstone (weapon) {holy, *Corrode rElec rN+ Int+5}
   (You found it on level 3 of the Dungeon)

   Int:       It affects your intelligence (+5).
   rElec:     It insulates you from electricity.
   rN:        It protects you from negative energy.
   *Corrode:  It may corrode you when you take damage.
Missiles
 s - a throwing net
 x - 5 poisoned darts
Armour
 b - a +0 leather armour (worn)
 k - a scarf of resistance (worn)
Jewellery
 g - a +6 ring of intelligence (left hand)
 y - a +6 ring of dexterity (right hand)
 A - a ring of see invisible
 B - a ring of ice
Wands
 c - a wand of flame (1) (quivered)
 d - a wand of charming (8)
Scrolls
 i - 5 scrolls of identify {unknown}
 j - a scroll of brand weapon {unknown}
 l - a scroll of noise {unknown}
 m - a scroll of teleportation {unknown}
 o - a scroll of fear {unknown}
 q - a scroll of enchant weapon {unknown}
 r - 2 scrolls of enchant armour {unknown}
 u - a scroll of poison {unknown}
 z - a scroll of blinking {unknown}
Potions
 e - a potion of curing
 h - a potion of attraction {unknown}
 p - a potion of flight {unknown}
 t - a potion of mutation {unknown}
 w - a potion of magic {unknown}
 C - a potion of degeneration {unknown}


   Skills:
 + Level 3.3 Fighting
 + Level 4.8 Maces & Flails
 - Level 2.0 Armour
 + Level 2.8 Dodging
 - Level 1.0 Stealth
 + Level 4.2 Evocations


You had 6 spell levels left.
You didn't know any spells.
Your spell library contained the following spells:

 Spells                   Type           Power      Damage    Failure   Level
 Foxfire                  Conj/Fire      0%         2x1d4     17%         1
 Ensorcelled Hibernation  Hex/Ice        0%         N/A       26%         2
 Passwall                 Tmut/Erth      0%         N/A       26%         2
 Sublimation of Blood     Necr           0%         N/A       26%         2
 Wereblood                Tmut           0%         N/A       26%         2
 Swiftness                Air            0%         N/A       45%         3
 Fireball                 Conj/Fire      0%         3d3       99%         5
 Plasma Beam              Fire/Air       0%         2x1d11    100%        6
 Starburst                Conj/Fire      0%         6d3       100%        6
 Summon Hydra             Summ           0%         N/A       100%        7


Dungeon Overview and Level Annotations

Branches:
Dungeon (4/15)
 Temple: D:4-7

Altars:
The Shining One

Shops:
D:4 *

Annotations:
D:4 exclusion: ogre, Eustachio


Message History

You puncture Eustachio!
Eustachio is almost dead.
Eustachio casts a spell.
You closely miss Eustachio.
Eustachio is almost dead.
Eustachio gestures wildly while chanting.
Eustachio barely misses you. The iron imp barely misses you.
You barely miss Eustachio.
Eustachio is almost dead.
The ufetubus misses you. The ufetubus hits you.
Eustachio mumbles some strange words.
The river rat bites you! The river rat misses you. The rat bites you.
You closely miss Eustachio.
Eustachio is almost dead.
The rat disappears in a puff of smoke!
The ufetubus misses you. The ufetubus hits you. The iron imp barely misses you.
Eustachio barely misses you. The ufetubus closely misses you.
The ufetubus misses you. The river rat barely misses you.
The river rat closely misses you.
You barely miss Eustachio.
Eustachio is almost dead.
The ufetubus barely misses you. The ufetubus hits you.
Your corrosive artefact corrodes you!
The iron imp hits you!
Eustachio drinks a potion.
Eustachio is healed!
The river rat completely misses you. The river rat bites you.
The ufetubus barely misses you. The ufetubus hits you.
You closely miss Eustachio.
Eustachio is moderately wounded.
The ufetubus closely misses you. The ufetubus barely misses you.
Eustachio hits you with a +1 rapier of freezing.
* * * LOW HITPOINT WARNING * * *
Eustachio freezes you.
* * * LOW HITPOINT WARNING * * *
The river rat closely misses you. The iron imp completely misses you.
The river rat bites you.
* * * LOW HITPOINT WARNING * * *
The rat bites you.
* * * LOW HITPOINT WARNING * * *
The ufetubus hits you.
You die...

#......# #.....#.. #......#
#.....#.. #......# #.....'..
#......# +.....#.. #...##.#
### #.....#..
#...##'####..#### #######..
.....#.....r.....# #......
.......#....r55....# #......
.......#.....@@....# #.(....
...##..##...r(r...############
### ### ############........#.
#........#. #........'.
#........#. #######........#.
#...........#####
#...........#


You could see Eustachio, an iron imp (summoned), 2 river rats, an ufetubus
(summoned), a quokka (summoned) and a rat (summoned).

Vanquished Creatures
  Grinder (D:4)
  2 orc priests
  A jelly (D:4)
  Jessica (D:3)
  An iguana (D:4)
  3 adders
  3 gnolls (D:2)
  4 worms
  2 dart slugs (D:1)
  6 orcs
  2 bats (D:2)
  8 endoplasms
  A giant cockroach (D:1)
  5 hobgoblins
  8 jackals
  A quokka (D:4)
  10 ball pythons
  2 frilled lizards (D:1)
  8 goblins
  2 kobolds
  6 rats
77 creatures vanquished.

Vanquished Creatures (collateral kills)
  A gnoll (D:2)
  An endoplasm (D:2)
  A goblin (D:2)
  A quokka (D:2)
4 creatures vanquished.

Vanquished Creatures (others)
  A hound (D:4)
  3 rats
4 creatures vanquished.

Grand Total: 85 creatures vanquished

Notes
Turn   | Place    | Note
-------+----------+-------------------------------------------
     0 | D:1      | H0rd4k the Human Artificer began the quest for the Orb.
     0 | D:1      | Reached XP level 1. HP: 15/15 MP: 1/1
   189 | D:1      | Reached XP level 2. HP: 10/21 MP: 2/2
   257 | D:1      | Found a faded altar of an unknown god.
   503 | D:1      | Reached XP level 3. HP: 22/26 MP: 3/3
   577 | D:1      | Reached skill level 1 in Maces & Flails
   910 | D:2      | Reached XP level 4. HP: 33/33 MP: 4/4
  1168 | D:3      | Identified the +4 morningstar of Bloodstone {holy, *Corrode
                  | rElec rN+ Int+5}
  1685 | D:2      | Reached XP level 5. HP: 21/38 MP: 5/5
  3042 | D:3      | Noticed Jessica
  3051 | D:3      | Killed Jessica
  3052 | D:3      | Reached XP level 6. HP: 31/46 MP: 6/6
  3632 | D:4      | Found a glowing golden altar of the Shining One.
  3662 | D:4      | Noticed an ogre
  3698 | D:4      | Noticed Grinder
  3702 | D:4      | Paralysed by Grinder for 3 turns
  3707 | D:4      | Killed Grinder
  3708 | D:4      | Reached XP level 7. HP: 44/52 MP: 7/7
  3765 | D:4      | Found the +7 Throatcutter {drain, coup de grace}
  4217 | D:4      | Found Raenac's General Store.
  4299 | D:4      | Noticed Eustachio
  4314 | D:4      | Slain by an ufetubus

Illustrated notes

Levels and vault maps discovered:
D:1:      dpeg_arrival_three_bigger_balls, layout_basic,
          chequers_ecumenical_altar_simple_redux
D:2:      layout_basic
D:3:      layout_basic, minmay_puff, uniq_jessica
D:4:      layout_gridville, overflow_temple_1_default, serial_shops, shop,
          saegor_snake_ambush, uniq_edmund, uniq_eustachio, uniq_grinder

Skill      XL: |  1  2  3  4  5  6 |
---------------+-------------------+-----
Maces & Flails | 1 2 3 4 |  4.8
Fighting       | 2 3 |  3.3
Dodging        | 2 |  2.8
Evocations     | 4 |  4.2
Armour         | |  2.0
Stealth        | |  1.0

Action                     |  1- 3 |  4- 6 |  7- 9 || total
---------------------------+-------+-------+-------++-------
  Melee: Club              |   102 |   106 |       ||   208
         Punch             |     1 |     7 |       ||     8
         Morningstar       |       |    29 |    36 ||    65
  Evoke: Wand              |     4 |    21 |     1 ||    26
    Use: Potion            |       |       |     5 ||     5
   Stab: Sleeping          |     1 |       |       ||     1
         Distracted        |       |     1 |       ||     1
 Armour: Leather armour    |    28 |    25 |     1 ||    54
  Dodge: Dodged            |    81 |    86 |    32 ||   199
